 Dungeon Crawl Stone Soup version 0.18-a0-1293-g5a2c81a (webtiles) character file.

3785 Ijustatesigmund the Fighter (level 9, -2/76 HPs)
             Began as a Demonspawn Berserker on Feb 10, 2016.
             Was an Elder of Trog.
             Slain by a yak (12 damage)
             ... on level 8 of the Dungeon.
             The game lasted 00:17:58 (8880 turns).

Ijustatesigmund the Fighter (Demonspawn Berserker)  Turns: 8880, Time: 00:17:59

Health: -2/76      AC: 12    Str: 15    XL:     9   Next: 95%
Magic:  9/9        EV: 11    Int:  9    God:    Trog [****..]
Gold:   302        SH:  0    Dex: 20    Spells: 0 memorised, 8 levels left

rFire  . . .     SeeInvis .     b - +0 war axe
rCold  + . .     Gourm    .     x - +2 ring mail of Untruth {Dex+5}
rNeg   . . .     Faith    .     (no shield)
rPois  .         Spirit   .     (helmet restricted)
rElec  .         Dismiss  .     l - +1 cloak
rCorr  .         Reflect  .     (no gloves)
SustAt .         Harm     .     y - +0 pair of boots
MR     .....                    (no amulet)
Stlth  +.........               v - ring of protection from cold
                                w - -3 ring of strength (curse)

@: not resistant to hostile enchantments, very unstealthy
A: claws 1, horns 2, powered by pain 1
a: Berserk, Trog's Hand, Brothers in Arms, Burn Spellbooks, Renounce Religion


You were on level 8 of the Dungeon.
You worshipped Trog.
Trog was greatly pleased with you.
You were not hungry.

You visited 1 branch of the dungeon, and saw 8 of its levels.

You collected 446 gold pieces.
You spent 144 gold pieces at shops.

Inventory:

Hand Weapons
 b - a +0 war axe (weapon)
 g - a +1 hand axe of chopping
Missiles
 z - 5 javelins of returning (quivered)
Armour
 l - a +1 cloak (worn)
 m - a +1 plate armour
 x - the +2 ring mail of Untruth (worn) {Dex+5}
   (You bought it in a shop on level 8 of the Dungeon)

   It affects your dexterity (+5).
 y - a +0 pair of boots (worn)
Jewellery
 i - an uncursed ring of sustain attributes
 v - a ring of protection from cold (right claw)
 w - a cursed -3 ring of strength (left claw)
Wands
 n - a wand of acid (9/15)
 t - a wand of confusion (25/48)
 u - a wand of digging (7/24)
Scrolls
 a - a scroll of magic mapping
 p - 2 scrolls of enchant armour
 r - 2 scrolls of blinking
Potions
 d - 3 potions of flight
 e - a potion of might
 h - 2 potions of haste
 j - a potion of mutation
 k - 2 potions of degeneration {unknown}
 q - a potion of berserk rage {unknown}
 s - 2 potions of agility
Comestibles
 c - 10 bread rations
 f - a fruit
 o - 2 meat rations
 A - a chunk of flesh


   Skills:
 + Level 9.3 Fighting
 + Level 8.6 Axes
 + Level 6.7 Armour
 - Level 1.7 Dodging


You had 8 spell levels left.
You didn't know any spells.

Dungeon Overview and Level Annotations

Branches:
Dungeon (8/15)             Temple (0/1) D:5
   Lair: D:8-11

Altars:
Dithmenos
Elyvilon
Fedhas
Gozag
Pakellas
Qazlal
Vehumet
Xom
Yredelemnul

Shops:
D:8 [

Annotations:
D:8 1 runed door


Innate Abilities, Weirdness & Mutations

You have sharp fingernails.
You have a pair of horns on your head.
You sometimes gain a little power by taking damage.


Message History

Your ring mail of Untruth prevents you from hitting the yak.
The yak is severely wounded.
You closely miss the yak. You hit the yak but do no damage.
The yak is heavily wounded.
The yak gores you. The yak gores you but does no damage.
The yak completely misses you.
You slash the yak!
The yak is almost dead.
You barely miss the yak.
The yak is heavily wounded.
You hit the yak.
The yak is lightly wounded.
The yak gores you.
* * * LOW HITPOINT WARNING * * *
The yak gores you!
* * * LOW HITPOINT WARNING * * *
The yak gores you.
* * * LOW HITPOINT WARNING * * *
The yak gores you!
You die...

........####...##
.......## #..##
#.....##
#.####### ##...##
#.#....!# ##'##
#.#.....# #)#
#.......# #.#
##..YY.# ##.#####


#.YYYY# ##.?....#### #@# ......#....#####.# .#...............#
###.######.####### #.# #.# #.######.# #........# #.######## #.# You could see 6
yaks.

Vanquished Creatures
  Menkaure (D:6)
  Duvessa (D:5)
  2 orc warriors
  3 sky beasts
  A black bear (D:8)
  3 phantoms
  5 ogres
  3 centaurs
  5 giant frogs
  3 scorpions
  Dowan (D:5)
  7 killer bees (D:8)
  5 crimson imps
  10 orc priests
  4 hounds
  4 orc wizards
  2 iguanas
  12 worker ants
  A hound skeleton (D:8)
  4 adders
  4 gnolls (D:6)
  5 worms
  4 giant geckos
  30 orcs
  7 bats
  15 giant cockroaches
  6 goblins
  6 hobgoblins
  6 jackals
  6 quokkas
  2 ball pythons
  A giant cockroach zombie (D:6)
  A giant gecko zombie (D:7)
  4 giant newts
  8 kobolds
  10 rats
192 creatures vanquished.

Notes
Turn   | Place    | Note
--------------------------------------------------------------
     0 | D:1      | Ijustatesigmund the Demonspawn Berserker began the quest for the Orb.
     0 | D:1      | Reached XP level 1. HP: 18/18 MP: 1/1
   376 | D:1      | Gained mutation: You have sharp fingernails. [demonic ancestry]
   376 | D:1      | Reached XP level 2. HP: 13/24 MP: 2/2
  1463 | D:2      | HP: 1/24 [worm (6)]
  1475 | D:2      | HP: 1/24 [bat (1)]
  1772 | D:2      | Reached ** piety under Trog
  1774 | D:2      | Reached XP level 3. HP: 20/30 MP: 3/3
  2090 | D:2      | Reached skill level 4 in Fighting
  2536 | D:2      | Gained mutation: You sometimes gain a little power by taking damage. [demonic ancestry]
  2536 | D:2      | Reached XP level 4. HP: 24/37 MP: 4/4
  3298 | D:4      | Reached XP level 5. HP: 43/43 MP: 5/5
  3301 | D:4      | Reached *** piety under Trog
  3301 | D:4      | Reached skill level 5 in Fighting
  3345 | D:4      | Reached XP level 6. HP: 34/51 MP: 6/6
  3654 | D:4      | Reached skill level 5 in Axes
  3905 | D:4      | HP: 2/51 [cloud of flame (16)]
  4240 | D:4      | Found a blossoming altar of Fedhas.
  4621 | D:4      | Found a shimmering altar of Xom.
  4667 | D:4      | Found a basalt altar of Yredelemnul.
  4672 | D:4      | Found a stormy altar of Qazlal.
  4673 | D:4      | Reached skill level 6 in Fighting
  4681 | D:4      | Found an opulent altar of Gozag.
  4868 | D:5      | Entered Level 5 of the Dungeon
  4868 | D:5      | Found a staircase to the Ecumenical Temple.
  4952 | D:4      | Gained mutation: You have a pair of small horns on your head. [demonic ancestry]
  4952 | D:4      | Reached XP level 7. HP: 58/58 MP: 7/7
  5341 | D:5      | Noticed Dowan
  5342 | D:5      | Noticed Duvessa
  5346 | D:5      | Killed Dowan
  5352 | D:5      | Killed Duvessa
  5476 | D:5      | Gained mutation: You have a pair of horns on your head. [demonic ancestry]
  5476 | D:5      | Reached XP level 8. HP: 65/65 MP: 8/8
  5485 | D:5      | Reached skill level 7 in Fighting
  5857 | D:6      | Noticed Menkaure
  6398 | D:6      | Reached **** piety under Trog
  6643 | D:6      | Killed Menkaure
  6643 | D:6      | Reached skill level 8 in Fighting
  6643 | D:6      | Reached skill level 5 in Armour
  6643 | D:6      | Reached XP level 9. HP: 67/74 MP: 9/9
  6997 | D:7      | Found an oddly glowing altar of Pakellas.
  7001 | D:7      | Found a shadowy altar of Dithmenos.
  7290 | D:7      | Found a white marble altar of Elyvilon.
  7632 | D:8      | Found Humuep's Antique Armour Boutique.
  7636 | D:8      | Bought a distressingly furry ring mail for 144 gold pieces
  7646 | D:8      | Identified the +2 ring mail of Untruth {Dex+5} (You bought it in a shop on level 8 of the Dungeon)
  7808 | D:8      | Found a radiant altar of Vehumet.
  8206 | D:8      | Reached skill level 9 in Fighting
  8210 | D:8      | Found a runed door.
  8224 | D:8      | Found a runed door.
  8231 | D:8      | Received a gift from Trog
  8880 | D:8      | Slain by a yak

Vault maps used:
D:1:      dpeg_arrival_erosion
D:2:      first_bread, serial_curves, eino_curves_04, eino_curves_04
D:3:      kennysheep_big_empty_room, minmay_misc_feat_pillars,
          grunt_ministairs_5, serial_bayou_lake_a
D:4:      lemuel_doored_altar, fedhas_altar_4, minitemple
D:5:      minmay_temple_entry_trees, uniq_duvessa
D:6:      uniq_menkaure
D:7:      grunt_temple_overflow_open, elyvilon_altar_4
D:8:      lemuel_insect_pit, serial_shops, shop_fountains, basic_altar

Action                   |  1- 3 |  4- 6 |  7- 9 || total
-------------------------+-------+-------+-------++-------
Melee: Hand axe          |   178 |   146 |   180 ||   504
       War axe           |       |    15 |   212 ||   227
Invok: Trog's Hand       |     1 |     2 |     5 ||     8
       Berserk           |       |     1 |     8 ||     9
Evoke: Wand              |       |       |     3 ||     3
  Use: Scroll            |     4 |     7 |     5 ||    16
       Potion            |     2 |       |       ||     2
 Stab: Sleeping          |     2 |       |       ||     2
       Confused          |       |       |     1 ||     1
  Eat: Fruit             |     2 |       |       ||     2
       Chunk             |     3 |     8 |    22 ||    33
       Pizza             |       |     1 |       ||     1
